 Dungeon Crawl Stone Soup version 0.29.1-4-g47bece8355 (webtiles) character file.

Game seed: 567473709831123706

35 Hiippo the Trooper (level 3, -3/30 HPs)
             Began as a Formicid Abyssal Knight on Dec 1, 2022.
             Was a Believer of Lugonu.
             Slain by Sigmund
             ... wielding a +0 scythe
              (5 damage)
             ... on level 2 of the Dungeon.
             The game lasted 00:09:42 (1884 turns).

Hiippo the Trooper (Formicid Abyssal Knight)        Turns: 1884, Time: 00:09:43

Health: -3/30      AC:  4    Str: 19    XL:     3   Next: 52%
Magic:  4/4        EV: 11    Int:  9    God:    Lugonu [**....]
Gold:   88         SH:  0    Dex: 14    Spells: 2/2 levels left

rFire   . . .      SeeInvis +   a - +1 mace
rCold   . . .      Faith    .   (no shield)
rNeg    . . .      Spirit   .   b - +0 leather armour
rPois   .          Reflect  .   (helmet unavailable)
rElec   .          Harm     .   (no cloak)
rCorr   .          Rampage  .   (no gloves)
Will    .....                   f - +0 pair of boots
Stlth   +.........              (no amulet)
HPRegen 0.10/turn               (no ring)
MPRegen 0.09/turn               (no ring)

@: confused
A: permanent stasis, dig shafts and tunnels, antennae 3, four strong arms
a: Dig, Shaft Self, Renounce Religion, Depart the Abyss, Bend Space


You were on level 2 of the Dungeon.
You worshipped Lugonu.
Lugonu was pleased with you.
You visited 1 branch of the dungeon, and saw 2 of its levels.
You visited the Abyss 1 time.

You collected 88 gold pieces.

Inventory:

Hand Weapons
 a - a +1 mace (weapon)
Armour
 b - a +0 leather armour (worn)
 f - a +0 pair of boots (worn)
 h - a +0 ring mail
Scrolls
 c - 2 scrolls of identify
 d - 2 scrolls of enchant armour
 e - 2 scrolls of teleportation
Potions
 i - a potion of attraction {unknown}


   Skills:
 + Level 4.0 Fighting
 + Level 2.8 Maces & Flails
 - Level 2.3 Armour
 - Level 1.0 Dodging
 - Level 2.3 Invocations


You had 2 spell levels left.
You didn't know any spells.
Your spell library was empty.

Dungeon Overview and Level Annotations

Branches:
Dungeon (2/15)

Altars:

Annotations:
D:2 Sigmund


Innate Abilities, Weirdness & Mutations

You cannot be hasted, slowed, berserked, paralysed or teleported.
You can dig through walls and to a lower floor.
You have a pair of large antennae on your head. (SInv)
Your four strong arms can wield two-handed weapons with a shield.


Message History

Sigmund is lightly wounded.
Sigmund barely misses you.
You closely miss Sigmund.
Sigmund is lightly wounded.
Sigmund hits you with a +0 scythe!
* * * LOW HITPOINT WARNING * * *
You feel better.
You hit Sigmund.
Sigmund is moderately wounded.
Sigmund hits you with a +0 scythe!
* * * LOW HITPOINT WARNING * * *
You closely miss Sigmund.
Sigmund is moderately wounded.
Sigmund barely misses you.
You hit Sigmund.
Sigmund is heavily wounded.
Sigmund completely misses you.
You closely miss Sigmund.
Sigmund is heavily wounded.
Sigmund closely misses you.
You closely miss Sigmund.
Sigmund is heavily wounded.
You closely miss Sigmund.
Sigmund is heavily wounded.
Sigmund closely misses you.
You closely miss Sigmund.
Sigmund is heavily wounded.
Sigmund points at you and mumbles some strange words.
You are confused.
You closely miss Sigmund.
Sigmund is heavily wounded.
Sigmund barely misses you.
You miss Sigmund.
Sigmund is heavily wounded.
Sigmund hits you with a +0 scythe.
* * * LOW HITPOINT WARNING * * *
Sigmund attacks as you move away! Sigmund barely misses you.
You bump into the rock wall.
Sigmund hits you from afar with a +0 scythe.
You die...

....... ##.#####.##...# #
.......###.#####.#..#.#.###
......@#...........#..#....
.......#.#....#.###...#####
..####.#.##..<..##..#..# #.
#.#.##...#....###.####
#.##.#.#.#>.# #....#
#@####.#.#.## ####..
#..@...#.#.# ##.
########.#. #. #. #. ##


You could see Sigmund.

Vanquished Creatures
  A worm (D:2)
  A dart slug (D:2)
  2 endoplasms
  A giant cockroach (D:1)
  4 goblins
  2 hobgoblins
  2 quokkas
  A ball python (D:2)
  4 bats
  3 frilled lizards
  4 kobolds
  5 rats
30 creatures vanquished.

Notes
Turn   | Place    | Note
-------+----------+-------------------------------------------
     0 | Abyss:1  | Hiippo the Formicid Abyssal Knight began the quest for the
                  | Orb.
     0 | Abyss:1  | Reached XP level 1. HP: 18/18 MP: 2/2
     0 | D:1      | Escaped the Abyss
   133 | D:1      | Reached skill level 1 in Dodging
   455 | D:1      | Reached XP level 2. HP: 21/21 MP: 3/3
   670 | D:1      | Reached ** piety under Lugonu
  1132 | D:2      | Reached XP level 3. HP: 20/29 MP: 4/4
  1276 | D:2      | Found a faded altar of an unknown god.
  1692 | D:2      | Reached skill level 4 in Fighting
  1851 | D:2      | Noticed Sigmund
  1884 | D:2      | Slain by Sigmund

Illustrated notes

Levels and vault maps discovered:
D:1:      nagdon_arrival_double_spiral, layout_basic
D:2:      mumra_celtic_spiral_tile, layout_basic,
          chequers_ecumenical_altar_simple, basic_altar,
          minmay_misc_feat_rugged, uniq_sigmund

Skill      XL: |  1  2  3 |
---------------+----------+-----
Dodging        | 1 |  1.0
Fighting       | 4 |  4.0
Maces & Flails | |  2.8
Armour         | |  2.3
Invocations    | |  2.3

Action                   || total
-------------------------++-------
Melee: Mace              ||    98
       Punch             ||     2
Invok: Depart the Abyss  ||     1
 Abil: Dig               ||     2
  Use: Scroll            ||     3
       Potion            ||     1
Armor: Leather armour    ||    27
Dodge: Dodged            ||    49
